 Dungeon Crawl Stone Soup version 0.25.1-2-g60ff931df9 (webtiles) character file.

Game seed: 15903805542034302336

889 Glamhuggeren the Cleaver (level 8, -13/71 HPs)
             Began as a Hill Orc Fighter on Nov 19, 2020.
             Mangled by an ogre
             ... wielding a +0 giant club
              (21 damage)
             ... on level 4 of the Dungeon.
             The game lasted 00:11:19 (4241 turns).

Glamhuggeren the Cleaver (Hill Orc Fighter)         Turns: 4241, Time: 00:11:20

Health: -13/71     AC:  8    Str: 21    XL:     8   Next: 6%
Magic:  8/8        EV:  7    Int:  8    God:
Gold:   149        SH:  9    Dex: 10    Spells: 7/7 levels left

rFire    . . .     SeeInvis .   a - +0 war axe
rCold    . . .     Gourm    .   c - +0 kite shield
rNeg     . . .     Faith    .   b - +0 scale mail
rPois    .         Spirit   .   (no helmet)
rElec    .         Reflect  .   h - +0 cloak
rCorr    .         Harm     .   (no gloves)
MR       .....                  (no boots)
Stlth    ..........             (no amulet)
HPRegen  0.21/turn              (no ring)
MPRegen  0.11/turn              (no ring)

@: mighty
A: no striking features
a: no special abilities


You were on level 4 of the Dungeon.
You were not hungry.

You visited 1 branch of the dungeon, and saw 4 of its levels.
You also visited: Sewer.

You collected 149 gold pieces.

Inventory:

Hand Weapons
 a - a +0 war axe (weapon)
Missiles
 e - 45 sling bullets
 j - 105 stones (quivered)
 w - 9 boomerangs
Armour
 b - a +0 scale mail (worn)
 c - a +0 kite shield (worn)
 h - a +0 cloak (worn)
Magical Staves
 u - an uncursed staff of air {unknown}
Scrolls
 g - 7 scrolls of identify
 i - 2 scrolls of immolation
 k - a scroll of blinking {unknown}
 l - 2 scrolls of noise {unknown}
 n - a scroll of remove curse
 r - a scroll of magic mapping {unknown}
 s - 2 scrolls of teleportation {unknown}
Potions
 d - 3 potions of might
 o - a potion of flight {unknown}
 p - 2 potions of haste {unknown}
 q - a potion of lignification {unknown}
 t - 2 potions of magic {unknown}
 v - a potion of ambrosia {unknown}
 x - 2 potions of curing {unknown}
Comestibles
 f - 10 rations
 m - a chunk of flesh


   Skills:
 + Level 6.8 Fighting
 * Level 9.3 Axes
 - Level 4.0 Armour
 - Level 4.0 Shields


You had 7 spell levels left.
You didn't know any spells.
Your spell library was empty.

Dungeon Overview and Level Annotations

Branches:
Dungeon (4/15)              Sewer (visited)
 Temple: D:4-7

Altars:
Fedhas
Trog
Wu Jian

Annotations:
D:2 exclusion: oklob plant


Message History

You throw a stone.
The stone hits the ogre but does no damage.
You hit the ogre.
The ogre is lightly wounded.
The ogre barely misses you.
You hit the ogre.
The ogre is moderately wounded.
The ogre hits you with a +0 giant club!!
Your shield and scale mail prevent you from hitting the ogre.
The ogre is moderately wounded.
The ogre hits you with a +0 giant club!
You feel very mighty all of a sudden.
You slash the ogre!
The ogre is almost dead.
The ogre hits you with a +0 giant club!!
* * * LOW HITPOINT WARNING * * *
You barely miss the ogre.
The ogre is almost dead.
The ogre hits you with a +0 giant club!!
You die...

##..## #....#
.. ##....# .
#.....# .#
#.....# .
#.....# (#
#.....# #(##
#.....####
###O..#
#........###.@#
##...##.....###
#...####).##
##.## #..# #.#
##.## ### #.##
##.#### #.....#
##.....#


You could see an ogre.

Vanquished Creatures
  A phantom (D:3)
  2 ogres
  6 big kobolds (Sewer)
  3 gnolls (D:3)
  4 adders
  A river rat (Sewer)
  4 oozes (Sewer)
  7 worms
  4 leopard geckos
  4 orcs
  8 bats
  3 giant cockroaches (D:3)
  6 hobgoblins
  15 jackals
  A quokka (D:3)
  6 ball pythons
  6 frilled lizards
  4 goblins
  5 kobolds
  15 rats
105 creatures vanquished.

Notes
Turn   | Place    | Note
-------+----------+-------------------------------------------
     0 | D:1      | Glamhuggeren the Hill Orc Fighter began the quest for the
                  | Orb.
     0 | D:1      | Reached XP level 1. HP: 19/19 MP: 1/1
   135 | D:1      | Reached skill level 3 in Axes
   389 | D:1      | Reached XP level 2. HP: 27/27 MP: 2/2
   813 | D:2      | Reached XP level 3. HP: 27/33 MP: 3/3
   966 | D:2      | Reached skill level 4 in Axes
  1105 | D:2      | Found a blossoming altar of Fedhas.
  1128 | D:2      | Noticed an oklob plant
  1218 | D:2      | Reached XP level 4. HP: 32/40 MP: 4/4
  1954 | D:3      | Reached XP level 5. HP: 28/47 MP: 5/5
  2154 | D:3      | Found an ornate altar of the Wu Jian Council.
  2218 | D:3      | Reached skill level 5 in Axes
  2345 | D:3      | Found a glowing drain.
  2347 | D:3      | Noticed a phantom
  2357 | Sewer    | Entered a sewer
  2486 | Sewer    | Noticed a big kobold
  2501 | Sewer    | Killed a big kobold
  2501 | Sewer    | Reached skill level 5 in Fighting
  2501 | Sewer    | Reached skill level 6 in Axes
  2501 | Sewer    | Reached XP level 6. HP: 54/56 MP: 6/6
  2893 | Sewer    | Reached skill level 7 in Axes
  3235 | Sewer    | Reached XP level 7. HP: 60/62 MP: 7/7
  3362 | Sewer    | Reached skill level 8 in Axes
  3570 | D:3      | Reached skill level 9 in Axes
  3704 | D:3      | Found a bloodstained altar of Trog.
  3983 | D:4      | Reached XP level 8. HP: 29/71 MP: 8/8
  4241 | D:4      | Mangled by an ogre

Illustrated notes

Levels and vault maps discovered:
D:1:      minmay_arrival_five_plusses, layout_basic
D:2:      layout_loops_ring, tgw_fedhas
D:3:      layout_loops_ring, lemuel_crystal_altar, lightli_temple_of_fire,
          cheibrodos_sewer_entry_drain
D:4:      layout_cave_pods, serial_shops, nicolae_shop_trees,
          corexii_item_surrounded_by_moat, roderic_batcave

Skill      XL: |  1  2  3  4  5  6  7 |
---------------+----------------------+-----
Axes           | 3 4 6 7 9 |  9.3
Fighting       | 4 5 6 |  6.8
Armour         | 4 |  4.0
Shields        | 4 |  4.0

Action                   |  1- 3 |  4- 6 |  7- 9 || total
-------------------------+-------+-------+-------++-------
Melee: War axe           |    87 |   250 |    77 ||   414
Throw: Stone             |       |       |     2 ||     2
  Use: Scroll            |       |     3 |       ||     3
       Potion            |       |     1 |     1 ||     2
  Eat: Chunk             |     1 |     7 |     4 ||    12
Armor: Scale mail        |    33 |    92 |    11 ||   136
Dodge: Dodged            |    32 |    56 |    13 ||   101
Block: Kite shield       |    48 |   111 |    25 ||   184
